 Dungeon Crawl Stone Soup version 0.31.0-9-g3a7656b989 (webtiles) character file.

Game seed: 15850090700554480884

65 qw the Shooter (level 3, -2/20 HPs)
             Began as a Deep Elf Hunter on Feb 2, 2024.
             Killed from afar by Natasha (10 damage)
             ... with a puff of flame
             ... on level 2 of the Dungeon.
             The game lasted 00:00:04 (1301 turns).

qw the Shooter (Deep Elf Hunter)                    Turns: 1301, Time: 00:00:04

Health: -2/20      AC:  5    Str: 10    XL:     3   Next: 92%
Magic:  5/5        EV: 11    Int: 13    God:
Gold:   109        SH:  0    Dex: 18    Spells: 2/2 levels left

rFire   . . .        a - +0 shortbow (elec)
rCold   . . .        (shield currently unavailable)
rNeg    . . .        f - +0 ring mail
rPois   .            (no helmet)
rElec   .            (no cloak)
rCorr   .            (no gloves)
SInv    .            (no boots)
Will    .....        (no amulet)
Stlth   +            (no ring)
HPRegen 0.23/turn    (no ring)
MPRegen 0.09/turn

%: no passive effects
@: no status effects
A: no striking features
a: no special abilities


You were on level 2 of the Dungeon.
You visited 1 branch of the dungeon, and saw 2 of its levels.

You collected 109 gold pieces.


   Skills:
 - Level 1.5 Fighting
 + Level 7.4 Ranged Weapons
 - Level 2.4 Dodging
 - Level 1.2 Stealth


You had 2 spell levels left.
You didn't know any spells.
Your spell library was empty.

Inventory:

Hand Weapons
 a - a +0 shortbow of electrocution (weapon)
Armour
 f - a +0 ring mail (worn)
 h - a +2 ring mail of cold resistance
Jewellery
 i - a +6 ring of dexterity
Scrolls
 b - a scroll of enchant armour {unknown}
 c - a scroll of identify {unknown}
 d - a scroll of revelation {unknown}
 g - a scroll of fog {unknown}
Potions
 e - a potion of mutation {unknown}
 j - a potion of lignification {unknown}

Dungeon Overview and Level Annotations

Branches:
Dungeon (2/15)

Altars:
Gozag

Annotations:
D:2 Natasha


Message History

Things that are here:
a +0 short sword; the human skeleton of Terence An endoplasm comes into view.
You shoot an arrow.
The arrow hits the endoplasm but does no damage.
You shoot an arrow. The arrow hits the endoplasm.
The endoplasm is lightly wounded.
The endoplasm hits you but does no damage.
You shoot an arrow. The arrow hits the endoplasm.
You kill the endoplasm!
Found a club.
A ball python comes into view.
Found 3 gold pieces.
The ball python hisses angrily.
You shoot an arrow.
The arrow barely misses the ball python.
The ball python bites you but does no damage.
The ball python closely misses you.
You shoot an arrow.
The arrow closely misses the ball python.
The ball python misses you. The ball python closely misses you.
You shoot an arrow.
The arrow closely misses the ball python.
The ball python closely misses you. The ball python barely misses you.
You shoot an arrow. The arrow hits the ball python!
You kill the ball python!
You now have 109 gold pieces (gained 3).
Found 3 stones.
Found an opulent altar of Gozag.
Natasha, Servant of Life and Death comes into view.
She is carrying a wand of flame.
Natasha hisses angrily.
Natasha zaps a wand.
The puff of flame hits you!
You shoot an arrow.
The arrow hits Natasha but does no damage.
Natasha stares at you and mumbles some strange words.
The magic dart hits you.
You shoot an arrow. The arrow misses Natasha.
Natasha zaps a wand.
The puff of flame hits you!
Ouch! That really hurt!
You die...
Natasha begins licking her fur clean.

####### ##.....##.
#### ###.........
.).# #....._.....
.#.#
#####.##........
...#
#.(.....@.......
...#
#.###.##.#.#....
...# #.##.# h. .
...# # ###.##.# .#
#.## #.#...##.# ..
#.# #.#.####.# ..
#.# #........# .
..#########....####
..................+


You could see Natasha.

Vanquished Creatures
  Terence (D:2)
  A ribbon worm (D:2)
  A dart slug (D:2)
  7 ball pythons
  2 endoplasms
  A giant cockroach (D:1)
  3 hobgoblins
  3 jackals (D:2)
  3 kobolds
  2 bats (D:1)
  3 frilled lizards
  5 goblins (D:1)
  3 rats
35 creatures vanquished.

Notes
Turn   | Place    | Note
-------+----------+-------------------------------------------
     0 | D:1      | qw the Deep Elf Hunter began the quest for the Orb.
     0 | D:1      | Reached XP level 1. HP: 12/12 MP: 3/3
     0 | D:1      | 0 ||| qw: Version: 0.3-a-155-g5e7d8dd
     0 | D:1      | 0 ||| qw: Game counter: 1031
     0 | D:1      | 0 ||| qw: Melee chars always use a shield: true
     0 | D:1      | 0 ||| qw: God list: Okawaru
     0 | D:1      | 0 ||| qw: Allow faded altars: false
     0 | D:1      | 0 ||| qw: Do Orc after clearing Dungeon:15 true
     0 | D:1      | 0 ||| qw: Do second Lair branch before Depths: true
     0 | D:1      | 0 ||| qw: Lair rune preference: random
     0 | D:1      | 0 ||| qw: Goals: Normal
     0 | D:1      | 0 ||| PLANNING D:1-11
   151 | D:1      | Reached XP level 2. HP: 10/16 MP: 4/4
   152 | D:1      | Reached skill level 6 in Ranged Weapons
   682 | D:1      | 682 ||| UPGRADING to +0 ring mail.
   692 | D:1      | 692 ||| DROPPING +0 leather armour.
   693 | D:1      | 693 ||| READING scroll labelled RAUNOQ DOEMANE.
   694 | D:1      | 694 ||| READING scroll labelled ONKOFI QOSALI.
   698 | D:1      | 698 ||| READING scroll labelled JENUNEALANG.
   699 | D:1      | 699 ||| READING scroll labelled ZEDOSIUD TADEE.
   699 | D:1      | 699 ||| BRANDING +0 shortbow.
   700 | D:1      | 700 ||| DROPPING scroll of butterflies.
   781 | D:2      | Found a faded altar of an unknown god.
   827 | D:2      | Reached XP level 3. HP: 20/20 MP: 5/5
  1016 | D:2      | Noticed Terence
  1020 | D:2      | Killed Terence
  1021 | D:2      | Reached skill level 7 in Ranged Weapons
  1295 | D:2      | Found an opulent altar of Gozag.
  1299 | D:2      | Noticed Natasha
  1301 | D:2      | Killed from afar by Natasha

Levels and vault maps discovered:
D:1:      dpeg_arrival_water_temple_mockup, layout_loops_ring,
          minmay_tetromino_t4
D:2:      layout_loops_corners, basic_altar,
          dreamdust_ecumenical_altar_angels_and_demons, uniq_terence,
          uniq_natasha

Skill      XL: |  1  2  3 |
---------------+----------+-----
Ranged Weapons | 6 7 |  7.4
Fighting       | |  1.5
Dodging        | |  2.4
Stealth        | |  1.2

Action                     || total
---------------------------++-------
   Fire: Shortbow          ||    93
    Use: Scroll            ||     4
 Armour: Leather armour    ||    13
         Ring mail         ||     9
  Dodge: Dodged            ||    24

Table legend:
 A = Non-vault XP
 B = Vault XP
 C = Vault XP percentage of total XP
 D = Non-vault monster count
 E = Vault monster count
 F = Vault count percentage of total count
                 A         B        C        D         E       F
            +---------+---------+-------+---------+---------+-------
      Total |      56 |      37 |  39.8 |      31 |       4 |  11.4
            +---------+---------+-------+---------+---------+-------
        D:1 |      29 |       5 |  14.7 |      18 |       3 |  14.3
        D:2 |      27 |      32 |  54.2 |      13 |       1 |   7.1
            +---------+---------+-------+---------+---------+-------
